 Dungeon Crawl Stone Soup version 0.30-a0-923-g828ccac5a3 (webtiles) character file.

Game seed: 10310276505386670441

5663 Ijustatesigmund the Thaumaturge (level 10, -1/55 HPs)
             Began as a Deep Elf Conjurer on Mar 21, 2023.
             Was a Priest of Cheibriados.
             Slain by a vampire (11 damage)
             ... on level 9 of the Dungeon on Mar 22, 2023.
             The game lasted 00:30:17 (11787 turns).

Ijustatesigmund the Thaumaturge (DECj)             Turns: 11787, Time: 00:30:17

Health: -1/55      AC:  7    Str: 17    XL:     10   Next: 47%
Magic:  13/25      EV: 13    Int: 35    God:    Cheibriados [***...]
Gold:   825        SH: 10    Dex: 20    Spells: 11/27 levels left

rFire   . . .      SeeInvis .    e - +4 sling (heavy)
rCold   + . .      Faith    .    v - +1 buckler
rNeg    . . .      Spirit   .    a - +0 steam dragon scales
rPois   .          Reflect  +    (helmet restricted)
rElec   .          Rampage  .    n - scarf {repulsion}
rCorr   .                        (no gloves)
Will    +....                    g - +1 pair of boots
Stlth   ++                       u - amulet of reflection
HPRegen 0.29/turn                c - ring of protection from cold
MPRegen 0.19/turn                m - +6 ring of strength

@: about to teleport, repel missiles, very slow
A: antennae 1
a: Renounce Religion, Bend Time, Temporal Distortion


You were on level 9 of the Dungeon.
You worshipped Cheibriados.
Cheibriados was most pleased with you.
You visited 2 branches of the dungeon, and saw 10 of its levels.

You collected 825 gold pieces.

Inventory:

Hand Weapons
 e - a +4 heavy sling (weapon)
 f - the +7 dagger of Vyelot {freeze, Will+}
   (You found it on level 2 of the Dungeon)

   Will:      It increases your willpower.
Armour
 a - +0 steam dragon scales (worn)
 g - a +1 pair of boots (worn)
 n - a scarf of repulsion (worn)
 o - a +0 helmet
 v - a +1 buckler (worn)
Magical Staves
 j - a staff of fire
Jewellery
 c - a ring of protection from cold (left hand)
 i - a ring of protection from fire
 m - a +6 ring of strength (right hand)
 u - an amulet of reflection (around neck)
Wands
 l - a wand of flame (53)
 D - a wand of polymorph (10)
 E - a wand of mindburst (2)
 G - a wand of digging (4)
Scrolls
 k - a scroll of amnesia
 s - 2 scrolls of magic mapping
 w - a scroll of teleportation
 y - a scroll of fog
 B - 4 scrolls of immolation
Potions
 b - 3 potions of magic
 d - 3 potions of attraction
 h - 4 potions of cancellation
 p - 3 potions of flight
 q - 2 potions of curing
 r - a potion of lignification {unknown}
 t - a potion of might
 x - 2 potions of ambrosia
 z - 2 potions of mutation
 A - a potion of berserk rage
 F - a potion of haste {unknown}


   Skills:
 + Level 2.9 Fighting
 + Level 4.8 Ranged Weapons
 - Level 3.6 Dodging
 - Level 2.4 Stealth
 + Level 0.9 Shields
 + Level 9.2 Spellcasting
 + Level 7.3 Conjurations
 - Level 4.5 Necromancy
 - Level 5.3 Translocations
 - Level 5.4 Earth Magic
 + Level 8.2 Invocations
 - Level 3.7 Evocations


You had 11 spell levels left.
You knew the following spells:

 Your Spells              Type           Power      Damage    Failure   Level
a - Magic Dart            Conj           100%       1d8       1%          1
b - Searing Ray           Conj           100%       2d8       1%          2
c - Stone Arrow           Conj/Erth      100%       3d13      1%          3
d - Iskenderun's Mystic   Conj/Tloc      57%        2d12      2%          4
e - Dispel Undead         Necr           47%        3d18      6%          4
f - Passwall              Tmut/Erth      29%        N/A       1%          2

Your spell library contained the following spells:

 Spells                   Type           Power      Damage    Failure   Level
 Kiss of Death            Conj/Necr      100%       2d13      1%          1
 Sandblast                Erth           100%       2d20      1%          1
 Dazzling Flash           Conj/Hex       82%        N/A       2%          3
 Portal Projectile        Hex/Tloc       68%        N/A       3%          3
 Fulminant Prism          Conj/Hex       20%        3d12      9%          4
 Call Canine Familiar     Summ           16%        N/A       11%         3
 Confusing Touch          Hex            16%        N/A       11%         3
 Summon Guardian Golem    Hex/Summ       16%        N/A       11%         3
 Leda's Liquefaction      Hex/Erth       17%        N/A       12%         4
 Orb of Destruction       Conj           30%        9d10      83%         7
 Spellforged Servitor     Conj/Summ      20%        N/A       100%        7


Dungeon Overview and Level Annotations

Branches:
Dungeon (9/15)             Temple (1/1) D:6
   Lair: D:8-11         Orc: D:9-12

Altars:
Ashenzari
Cheibriados
Dithmenos
Elyvilon
Fedhas
Gozag
Hepliaklqana
Kikubaaqudgha
Makhleb
Nemelex Xobeh
Okawaru
Qazlal
Ru
Sif Muna
Trog
Uskayaw
Vehumet
Wu Jian
Xom
Yredelemnul
Zin
The Shining One

Annotations:
D:9 1 runed translucent door


Innate Abilities, Weirdness & Mutations

You have a pair of small antennae on your head.


Message History

You're too confused to move!
The vampire hits you. The vampire misses you.
The vampire attacks as you move away! The vampire barely misses you.
The vampire bites you.
The vampire draws strength from your injuries!
The vampire hits you. The vampire barely misses you.
You bump into the rock wall.
You feel less confused. The vampire hits you. The vampire bites you!
The vampire draws strength from your injuries!
Casting: Searing Ray (safe; 1% risk of failure)
Confirm with . or Enter, or press ? or * to list all spells.
You erupt in a blast of force!
The mystic blast hits the vampire.
The vampire is moderately damaged.
The vampire is knocked back by the mystic blast.
Aiming: Mindburst
Press: ? - help, Shift-Dir - straight line, f/p - vampire
Aim: a vampire (moderately damaged, chance to affect: 63%)
The vampire resists with significant effort.
Casting: Iskenderun's Mystic Blast (dangerous; 2% risk of failure)
Confirm with . or Enter, or press ? or * to list all spells.
Aiming: Searing Ray (safe; 1% risk of failure)
Press: ? - help, Shift-Dir - straight line, f/p - vampire
Aim: a vampire (moderately damaged, 83% to hit)
The searing ray hits the vampire.
The vampire is heavily damaged. (Press . to maintain the ray.)
The searing ray hits the vampire.
The vampire is heavily damaged.
The searing ray hits the vampire but does no damage.
The vampire is heavily damaged.
The vampire draws life force from you!!
* * * LOW HITPOINT WARNING * * *
The vampire is healed by the life force!
As you read the scroll of teleportation, it crumbles to dust.
You feel strangely unstable.
The vampire gestures wildly while chanting.
The vampire flickers and vanishes!
Deactivating autopickup; reactivate with Ctrl-A.
Something hits you!
You die...

.....#..._...^..
... #...)
##...#.......#..
.. #.≈..
###.#.......#.....
#.≈.# #.#......?#
.#. #.≈.#
#.####^### #..
#.≈.#######
#.........
#.######..........
#####..#####
#....<............
.......#
#{###.##._....>...
.......+
#@#...............
.......#
#.#.#.#.........<.
.......####
#.#.#.#..≈........
.......##_##
#.#.###..≈........
......##...#
..#......≈.###+###
.....####'####
########.≈.# ..
+#####.#...#.##
........# #.
.......'.⌠.'._#
#.###...# #.#
###.##.#...#.##
#.# #.#.# #..


There were no monsters in sight!

Vanquished Creatures
  5 gargoyles (D:7)
  Maggie (D:8)
  2 hornets
  2 steam dragons
  Edmund (D:6)
  A water moccasin (D:9)
  An acid dragon (D:8)
  An orc warrior (D:6)
  An ice beast (D:7)
  2 black bears
  2 sky beasts
  3 ogres
  A centaur (D:6)
  2 phantoms
  A kobold brigand (D:8)
  2 bullfrogs
  A gnoll sergeant (D:8)
  2 scorpions (D:5)
  9 killer bees
  5 howler monkeys (D:8)
  A hound (D:5)
  7 jellies
  5 orc priests
  Jessica (D:2)
  A sleepcap (D:5)
  4 iguanas
  3 orc wizards
  Robin (D:2)
  9 gnolls
  9 adders
  3 worms
  A dart slug (D:1)
  37 orcs
  7 endoplasms
  A giant cockroach (D:1)
  15 goblins
  12 hobgoblins
  6 quokkas
  7 ball pythons
  8 bats
  A frilled lizard (D:2)
  10 kobolds
  A kobold skeleton (D:9)
  4 rats
199 creatures vanquished.

Notes
Turn   | Place    | Note
-------+----------+-------------------------------------------
     0 | D:1      | Ijustatesigmund the Deep Elf Conjurer began the quest for
                  | the Orb.
     0 | D:1      | Reached XP level 1. HP: 10/10 MP: 6/6
   179 | D:1      | Reached XP level 2. HP: 12/15 MP: 6/8
   182 | D:1      | Learned a level 2 spell: Searing Ray
   587 | D:1      | Reached skill level 4 in Spellcasting
   811 | D:1      | Reached skill level 5 in Conjurations
   811 | D:1      | Reached XP level 3. HP: 19/19 MP: 8/10
  1056 | D:2      | Noticed Robin
  1298 | D:2      | Identified the +7 dagger of Vyelot {freeze, Will+}
  1529 | D:2      | Noticed Jessica
  1533 | D:2      | Killed Robin
  1534 | D:2      | Reached XP level 4. HP: 24/24 MP: 7/12
  1535 | D:2      | Killed Jessica
  1536 | D:2      | Reached skill level 5 in Spellcasting
  2282 | D:3      | Reached XP level 5. HP: 28/28 MP: 14/14
  2341 | D:3      | Learned a level 3 spell: Stone Arrow
  2346 | D:3      | Learned a level 4 spell: Iskenderun's Mystic Blast
  2530 | D:3      | Reached skill level 1 in Ranged Weapons
  3270 | D:3      | Reached skill level 1 in Earth Magic
  3599 | D:4      | Found a radiant altar of Vehumet.
  3599 | D:4      | Found a shadowy altar of Dithmenos.
  3691 | D:4      | Reached skill level 1 in Translocations
  3727 | D:4      | Reached skill level 1 in Fighting
  3827 | D:4      | Upgraded the game from 0.30-a0-919-g9323dee000 to
                  | 0.30-a0-923-g828ccac5a3
  4121 | D:4      | Reached XP level 6. HP: 34/34 MP: 7/15
  4696 | D:4      | Reached XP level 7. HP: 18/40 MP: 10/16
  4703 | D:4      | Gained mutation: You have a pair of small antennae on your
                  | head. [potion of mutation]
  5028 | D:5      | Entered Level 5 of the Dungeon
  5258 | D:5      | Found a burning altar of Makhleb.
  5734 | D:5      | Reached XP level 8. HP: 45/45 MP: 11/18
  6079 | D:5      | Reached skill level 6 in Spellcasting
  6305 | D:5      | Found a stormy altar of Qazlal.
  6396 | D:6      | Found a staircase to the Ecumenical Temple.
  6411 | Temple   | Entered the Ecumenical Temple
  6536 | Temple   | Became a worshipper of Cheibriados the Contemplative
  6578 | Temple   | Identified a scroll of acquirement
  6578 | Temple   | Acquired 379 gold pieces
  6616 | D:6      | Reached skill level 1 in Invocations
  6699 | D:6      | Noticed Edmund
  6947 | D:6      | Killed Edmund
  7294 | D:6      | Found a broken altar of Ashenzari.
  7338 | D:6      | Reached skill level 5 in Earth Magic
  7348 | D:6      | Reached skill level 7 in Spellcasting
  7348 | D:6      | Reached skill level 5 in Translocations
  7537 | D:6      | Reached * piety under Cheibriados
  7715 | D:6      | Reached XP level 9. HP: 49/49 MP: 11/21
  8633 | D:7      | Reached skill level 1 in Evocations
  8700 | D:8      | Reached ** piety under Cheibriados
  8741 | D:8      | Reached skill level 5 in Invocations
  8826 | D:8      | Learned a level 4 spell: Dispel Undead
  8907 | D:7      | Reached skill level 1 in Necromancy
  9043 | D:7      | Noticed a gargoyle
  9053 | D:7      | Killed a gargoyle
  9320 | D:7      | Noticed a gargoyle
  9323 | D:7      | Killed a gargoyle
  9499 | D:7      | Noticed a gargoyle
  9502 | D:7      | Killed a gargoyle
  9503 | D:7      | Reached XP level 10. HP: 54/54 MP: 9/23
  9686 | D:7      | Noticed a gargoyle
  9695 | D:7      | Killed a gargoyle
  9696 | D:7      | Reached skill level 8 in Spellcasting
  9923 | D:7      | Noticed a gargoyle
  9929 | D:7      | Killed a gargoyle
 10477 | D:8      | Noticed Maggie
 10484 | D:8      | Killed Maggie
 10567 | D:8      | Reached skill level 9 in Spellcasting
 11078 | D:8      | Found an opulent altar of Gozag.
 11078 | D:8      | Found a glowing silver altar of Zin.
 11152 | D:8      | Reached *** piety under Cheibriados
 11442 | D:9      | Found a blossoming altar of Fedhas.
 11476 | D:9      | Learned a level 2 spell: Passwall
 11505 | D:9      | Found a sacrificial altar of Ru.
 11508 | D:9      | Found a bloodstained altar of Trog.
 11512 | D:9      | Found a hide-covered altar of Uskayaw.
 11565 | D:9      | Found a runed translucent door.
 11568 | D:9      | Found a basalt altar of Yredelemnul.
 11746 | D:9      | Found a shimmering altar of Xom.
 11787 | D:9      | Slain by a vampire

Illustrated notes

Levels and vault maps discovered:
D:1:      amcnicky_arrival_gap_in_the_tavern_cellar, layout_basic,
          nicolae_wormholes
D:2:      layout_rooms, uniq_robin, uniq_jessica
D:3:      layout_basic, chequers_serial_rivers_small_3, wad_floor_pattern_2
D:4:      minmay_door_path, layout_loops_ring, gammafunk_temple_overflow_statue
D:5:      layout_rooms, kennysheep_mini_moat, nicolae_qazlal_eye_of_the_storm,
          chequers_serial_rivers_small_a, corexii_hall_statues_i
D:6:      layout_basic, ashenzari_conservatory_becter,
          minmay_temple_entry_proselytizer, minmay_circle_x, uniq_edmund
D:7:      cheibrodos_statue_roulette, layout_rooms
D:8:      layout_cave_pools, grunt_temple_overflow_gold_and_silver, uniq_maggie
D:9:      layout_roguey, dk_yredelemnul_ordeal, grunt_temple_overflow_diamond,
          mainiacjoe_overflow_boulevard, lemuel_tele_altar
Temple:   nicolae_temple_figure_zero

Skill      XL: |  1  2  3  4  5  6  7  8  9 10 |
---------------+-------------------------------+-----
Spellcasting   | 4 5 7 9 |  9.2
Conjurations   | 5 6 7 |  7.3
Ranged Weapons | 2 3 4 |  4.8
Earth Magic    | 1 2 4 5 |  5.4
Translocations | 1 2 3 5 |  5.3
Fighting       | 1 2 |  2.9
Dodging        | 3 |  3.6
Invocations    | 2 6 8 |  8.2
Evocations     | 3 |  3.7
Necromancy     | 4 |  4.5
Stealth        | |  2.4
Shields        | |  0.9

Action                     |  1- 3 |  4- 6 |  7- 9 | 10-12 || total
---------------------------+-------+-------+-------+-------++-------
   Fire: Sling             |    28 |    66 |   124 |    23 ||   241
   Cast: Magic Dart        |    60 |    11 |     2 |       ||    73
         Searing Ray       |     7 |    21 |    21 |     3 ||    52
         Stone Arrow       |       |     2 |    18 |     2 ||    22
         Iskenderun's Myst |       |       |    29 |    20 ||    49
 Invoke: Bend Time         |       |       |       |     1 ||     1
  Evoke: Wand              |       |       |     5 |    10 ||    15
    Use: Scroll            |     1 |    12 |    11 |     3 ||    27
         Potion            |       |       |     4 |     1 ||     5
 Armour: Robe              |     4 |     3 |       |       ||     7
         Animal skin       |       |    15 |     7 |       ||    22
         Steam dragon scal |       |       |    13 |     1 ||    14
  Dodge: Dodged            |    22 |    56 |    53 |    17 ||   148
         Repelled          |       |       |     1 |     4 ||     5
  Block: Other             |       |     2 |    18 |     1 ||    21
         Reflection        |       |       |     1 |       ||     1
         Buckler           |       |       |       |     7 ||     7

Table legend: (Time is in decaauts)
 A = Elapsed time spent in this place.
 B = Non-inter-level travel time spent in this place.
 C = Inter-level travel time spent in this place.
 D = Time resting spent in this place.
 E = Time spent auto-exploring this place.
 F = Levels seen in this place.
 G = Mean time per level.
                   A        B        C        D        E       F      G
               +--------+--------+--------+--------+--------+-----+--------+
         Total |  12717 |  12365 |    352 |   5370 |   5591 |  10 | 1271.7 |
       Dungeon |  12530 |  12206 |    324 |   5330 |   5479 |   9 | 1392.2 |
        Temple |    187 |    160 |     27 |     40 |    112 |   1 |  187.0 |
               +--------+--------+--------+--------+--------+-----+--------+

Top non-repeatable levels by time:
     D:7: 2306 daAuts
     D:6: 1784 daAuts
     D:1: 1583 daAuts
     D:5: 1536 daAuts
     D:4: 1486 daAuts
     D:3: 1315 daAuts
     D:8: 1087 daAuts
     D:2: 722 daAuts
     D:9: 707 daAuts
  Temple: 187 daAuts
